ORI
UNIVERSITY OF MINNESOTA GOLDEN GOPHERS @ UNIVERSITY OF ALABAMA CRIMSON TIDE
09/28/2046
 
TOP OF THE 1ST
University of Minnesota Golden Gophers batting - Pitching for University of Alabama Crimson Tide : RHP Kirk James
Pitching: RHP Kirk James
Batting: SHB Marty Kuehn 0-0: Ball
1-0: Swinging Strike
1-1: Foul Ball, location: 2F
1-2: Strikes out looking
Batting: LHB Alex Villa 0-0: Called Strike
0-1: Called Strike
0-2: Ball
1-2: Ball
2-2: Fly out, F8 (Flyball, 78M, EV 89.4 MPH)
Batting: RHB Ozzie Buendia 0-0: Fly out, F9 (Flyball, 9S, EV 86.2 MPH)
Top of the 1st over - 0 runs, 0 hits, 0 errors, 0 left on base; University of Minnesota 0 - University of Alabama 0
BOTTOM OF THE 1ST
University of Alabama Crimson Tide batting - Pitching for University of Minnesota Golden Gophers : RHP Josh Sheets
Pitching: RHP Josh Sheets
Batting: RHB Tony Vasquez 0-0: Ball
1-0: Foul Ball, location: 2F
1-1: Fly out, F9 (Flyball, 89D, EV 106.2 MPH)
Batting: RHB Juan Araiza 0-0: Called Strike
0-1: Foul Ball, location: 2F
0-2: Strikes out looking
Batting: RHB Hughie Withers 0-0: Called Strike
0-1: Reached on error, E6 (Groundball, 6, EV 81.9 MPH)
Batting: LHB Danny Schultz 0-0: Ball
1-0: Swinging Strike
1-1: Ball
2-1: Called Strike
2-2: Strikes out swinging
Bottom of the 1st over - 0 runs, 0 hits, 1 error, 1 left on base; University of Minnesota 0 - University of Alabama 0
TOP OF THE 2ND
University of Minnesota Golden Gophers batting - Pitching for University of Alabama Crimson Tide : RHP Kirk James
Batting: LHB Josh Rini 0-0: Ball
1-0: Fly out, F8 (Line Drive, 8RM, EV 93.1 MPH)
Batting: RHB Tatsuyoshi Ikeda 0-0: Ball
1-0: Foul Ball, location: 2F
1-1: Called Strike
1-2: Fly out, F9 (Flyball, 89M, EV 78.8 MPH)
Batting: LHB Justin Conley 0-0: Ball
1-0: Foul Ball, location: 2F
1-1: Foul Ball, location: 2F
1-2: Ball
2-2: Strikes out swinging
Top of the 2nd over - 0 runs, 0 hits, 0 errors, 0 left on base; University of Minnesota 0 - University of Alabama 0
BOTTOM OF THE 2ND
University of Alabama Crimson Tide batting - Pitching for University of Minnesota Golden Gophers : RHP Josh Sheets
Batting: RHB Matt Williams 0-0: Ball
1-0: Swinging Strike
1-1: Ball
2-1: Fly out, F8 (Flyball, 8RS, EV 89.4 MPH)
Batting: RHB Gustavo Delgado 0-0: Called Strike
0-1: Ball
1-1: Swinging Strike
1-2: Strikes out swinging
Batting: RHB Larry Brown 0-0: Called Strike
0-1: Ball
1-1: Swinging Strike
1-2: Foul Ball, location: 2F
1-2: Ground out 4-3 (Groundball, 4, EV 85.6 MPH)
Bottom of the 2nd over - 0 runs, 0 hits, 0 errors, 0 left on base; University of Minnesota 0 - University of Alabama 0
TOP OF THE 3RD
University of Minnesota Golden Gophers batting - Pitching for University of Alabama Crimson Tide : RHP Kirk James
Batting: RHB Jarrod Strickhouser 0-0: Foul Ball, location: 2F
0-1: Ball
1-1: Swinging Strike
1-2: Ground out 5-3 (Groundball, 56, EV 98.1 MPH)
Batting: RHB Rúbem Trancoso 0-0: Foul Ball, location: 2F
0-1: SINGLE (Groundball, 4S, EV 65.6 MPH) (infield hit)
Batting: RHB Jason Mooris Pickoff Throw to First - Error! E1
Rúbem Trancoso to second
0-0: Foul Ball, location: 2F
0-1: Called Strike
0-2: Hit by Pitch
Batting: SHB Marty Kuehn 0-0: Foul Ball, location: 2F
0-1: Ball
1-1: Foul Ball, location: 2F
1-2: Ball
2-2: Foul Ball, location: 2F
2-2: Foul Ball, location: 2F
2-2: Ball
3-2: Fly out, F8 (Flyball, 8LM, EV 90.0 MPH)
Batting: LHB Alex Villa 0-0: Called Strike
0-1: Fly out, F9 (Line Drive, 89M, EV 93.1 MPH)
Top of the 3rd over - 0 runs, 1 hit, 1 error, 2 left on base; University of Minnesota 0 - University of Alabama 0
BOTTOM OF THE 3RD
University of Alabama Crimson Tide batting - Pitching for University of Minnesota Golden Gophers : RHP Josh Sheets
Batting: LHB Edwin Vasquez 0-0: Ball
1-0: Ball
2-0: Ground out U3 (Groundball, 34S, EV 88.1 MPH)
Batting: LHB Robby Ramires 0-0: Called Strike
0-1: Ball
1-1: Ball
2-1: Foul Ball, location: 2F
2-2: Ball
3-2: Foul Ball, location: 2F
3-2: Foul Ball, location: 2F
3-2: Base on Balls
Batting: RHB Tony Vasquez 0-0: Foul Ball, location: 2F
0-1: Fly out, F8 (Flyball, 8RD, EV 98.1 MPH)
Batting: RHB Juan Araiza 0-0: Called Strike
0-1: Fly out, F9 (Line Drive, 9, EV 91.9 MPH)
Bottom of the 3rd over - 0 runs, 0 hits, 0 errors, 1 left on base; University of Minnesota 0 - University of Alabama 0
TOP OF THE 4TH
University of Minnesota Golden Gophers batting - Pitching for University of Alabama Crimson Tide : RHP Kirk James
Batting: RHB Ozzie Buendia 0-0: Called Strike
0-1: Foul Ball, location: 2F
0-2: Strikes out swinging
Batting: LHB Josh Rini 0-0: Ball
1-0: Swinging Strike
1-1: Foul Ball, location: 2F
1-2: Strikes out looking
Batting: RHB Tatsuyoshi Ikeda 0-0: Ground out 5-3 (Groundball, 5, EV 105.6 MPH)
Top of the 4th over - 0 runs, 0 hits, 0 errors, 0 left on base; University of Minnesota 0 - University of Alabama 0
BOTTOM OF THE 4TH
University of Alabama Crimson Tide batting - Pitching for University of Minnesota Golden Gophers : RHP Josh Sheets
Batting: RHB Hughie Withers 0-0: Ball
1-0: Ball
2-0: Ball
3-0: Base on Balls
Batting: LHB Danny Schultz 0-0: Swinging Strike
0-1: Ball
1-1: Ball
2-1: Foul Ball, location: 2F
2-2: Strikes out swinging
Batting: RHB Matt Williams 0-0: Called Strike
0-1: Swinging Strike
0-2: 2-RUN HOME RUN (Line Drive, 7LD, EV 95.0 MPH), Distance : 359 ft
Batting: RHB Gustavo Delgado 0-0: Called Strike
0-1: Foul Ball, location: 2F
0-2: Strikes out swinging
Batting: RHB Larry Brown 0-0: Ground out 6-3 (Groundball, 6, EV 81.9 MPH)
Bottom of the 4th over - 2 runs, 1 hit, 0 errors, 0 left on base; University of Minnesota 0 - University of Alabama 2
TOP OF THE 5TH
University of Minnesota Golden Gophers batting - Pitching for University of Alabama Crimson Tide : RHP Kirk James
Batting: LHB Justin Conley 0-0: Ball
1-0: SINGLE (Groundball, 4S, EV 65.0 MPH) (infield hit)
Batting: RHB Jarrod Strickhouser 0-0: Fielders Choice at 2nd, 4-6 (Groundball, 4S, EV 92.5 MPH)
Batting: RHB Rúbem Trancoso 0-0: Ball
1-0: Foul Ball, location: 2F
1-1: Called Strike
1-2: Strikes out swinging
Batting: RHB Jason Mooris 0-0: Called Strike
0-1: Ball
1-1: Foul Ball, location: 2F
1-2: SINGLE (Groundball, 6D, EV 105.6 MPH)
Jarrod Strickhouser to second
Batting: SHB Marty Kuehn 0-0: Foul Ball, location: 2F
0-1: Called Strike
0-2: Ball
1-2: Ball
2-2: Ground out 4-3 (Groundball, 4, EV 86.2 MPH)
Top of the 5th over - 0 runs, 2 hits, 0 errors, 2 left on base; University of Minnesota 0 - University of Alabama 2
BOTTOM OF THE 5TH
University of Alabama Crimson Tide batting - Pitching for University of Minnesota Golden Gophers : RHP Josh Sheets
Batting: LHB Edwin Vasquez 0-0: Called Strike
0-1: Foul Ball, location: 2F
0-2: Ball
1-2: Ball
2-2: Ball
3-2: Strikes out swinging
Batting: LHB Robby Ramires 0-0: Called Strike
0-1: Foul Ball, location: 2F
0-2: Strikes out swinging
Batting: RHB Tony Vasquez 0-0: Foul Ball, location: 2F
0-1: Foul Ball, location: 2F
0-2: Hit by Pitch
Batting: RHB Juan Araiza 0-0: Called Strike
Tony Vasquez is caught stealing 2nd base 2-4
Bottom of the 5th over - 0 runs, 0 hits, 0 errors, 0 left on base; University of Minnesota 0 - University of Alabama 2
TOP OF THE 6TH
University of Minnesota Golden Gophers batting - Pitching for University of Alabama Crimson Tide : RHP Kirk James
Batting: LHB Alex Villa 0-0: Foul Ball, location: 2F
0-1: Foul Ball, location: 2F
0-2: Foul Ball, location: 2F
0-2: Ball
1-2: Ground out 6-3 (Groundball, 6M, EV 87.5 MPH)
Batting: RHB Ozzie Buendia 0-0: Called Strike
0-1: Foul Ball, location: 2F
0-2: Ground out U3 (Groundball, 34, EV 96.9 MPH)
Batting: LHB Josh Rini 0-0: Swinging Strike
0-1: Called Strike
0-2: Strikes out swinging
Top of the 6th over - 0 runs, 0 hits, 0 errors, 0 left on base; University of Minnesota 0 - University of Alabama 2
BOTTOM OF THE 6TH
University of Alabama Crimson Tide batting - Pitching for University of Minnesota Golden Gophers : RHP Josh Sheets
Batting: RHB Juan Araiza 0-0: Fly out, F3 (Popup, 34, EV 60.0 MPH)
Batting: RHB Hughie Withers 0-0: Ball
1-0: Ball
2-0: Ball
3-0: Called Strike
3-1: Ground out 5-3 (Groundball, 56, EV 95.6 MPH)
Batting: LHB Danny Schultz 0-0: Ball
1-0: Ground out 5-3 (Groundball, 56, EV 83.8 MPH)
Bottom of the 6th over - 0 runs, 0 hits, 0 errors, 0 left on base; University of Minnesota 0 - University of Alabama 2
TOP OF THE 7TH
University of Minnesota Golden Gophers batting - Pitching for University of Alabama Crimson Tide : RHP Kirk James
Pitching: LHP Don Rodgers
Batting: RHB Tatsuyoshi Ikeda 0-0: Ball
1-0: Foul Ball, location: 2F
1-1: Foul Ball, location: 2F
1-2: Strikes out looking
Pinch Hitting: RHB Mike Satterfield 0-0: Ground out U3 (Groundball, 34, EV 106.9 MPH)
Batting: RHB Jarrod Strickhouser 0-0: Ball
1-0: Called Strike
1-1: Swinging Strike
1-2: SINGLE (Groundball, 6MD, EV 96.9 MPH)
Pinch Hitting: LHB Jose Moncada 0-0: Foul Ball, location: 2F
0-1: Ball
1-1: Foul Ball, location: 2F
1-2: Foul Ball, location: 2F
1-2: Ball
2-2: Fly out, F7 (Flyball, 7D, EV 100.0 MPH)
Top of the 7th over - 0 runs, 1 hit, 0 errors, 1 left on base; University of Minnesota 0 - University of Alabama 2
BOTTOM OF THE 7TH
University of Alabama Crimson Tide batting - Pitching for University of Minnesota Golden Gophers : RHP Josh Sheets
Pitching: RHP Bobby Rodriguez
Now at 1B: Jose Moncada
Now in RF: Roy Evenden
Pinch Hitting: LHB Platon Protopsaltis 0-0: Ball
1-0: Foul Ball, location: 2F
1-1: Foul Ball, location: 2F
1-2: Ball
2-2: Strikes out looking
Pinch Hitting: LHB Dallas Shaw 0-0: Called Strike
0-1: Called Strike
0-2: Strikes out swinging
Batting: RHB Larry Brown 0-0: Foul Ball, location: 2F
0-1: Swinging Strike
0-2: Strikes out swinging
Bottom of the 7th over - 0 runs, 0 hits, 0 errors, 0 left on base; University of Minnesota 0 - University of Alabama 2
TOP OF THE 8TH
University of Minnesota Golden Gophers batting - Pitching for University of Alabama Crimson Tide : LHP Don Rodgers
Now at 1B: Onorato Zacagnini
Now at 3B: Mike Bidwell
Batting: RHB Jason Mooris 0-0: Swinging Strike
0-1: Foul Ball, location: 2F
0-2: SINGLE (Groundball, P, EV 77.5 MPH) (infield hit)
Batting: SHB Marty Kuehn 0-0: Called Strike
0-1: Foul Ball, location: 2F
0-2: Strikes out swinging
Pinch Hitting: RHB Ron Gooch 0-0: Ball
1-0: Swinging Strike
1-1: Foul Ball, location: 2F
1-2: Strikes out looking
Pitching: RHP Ryan Kath
Pinch Hitting: LHB Ivan Villegas 0-0: Ball
1-0: Fly out, F8 (Flyball, 8RD, EV 80.6 MPH)
Top of the 8th over - 0 runs, 1 hit, 0 errors, 1 left on base; University of Minnesota 0 - University of Alabama 2
BOTTOM OF THE 8TH
University of Alabama Crimson Tide batting - Pitching for University of Minnesota Golden Gophers : RHP Bobby Rodriguez
Pitching: LHP Bill Parker
Now at 2B: Tatsuyoshi Ikeda
Now at SS: Ron Gooch
Now in LF: Ivan Villegas
Pinch Hitting: LHB Matt Barkley 0-0: Foul Ball, location: 2F
0-1: Ball
1-1: Foul Ball, location: 2F
1-2: Ball
2-2: Reached on error, E4 (Groundball, 4M, EV 83.1 MPH)
Pinch Hitting: RHB Rodrik Gardner 0-0: Intentional Walk
Batting: RHB Tony Vasquez 0-0: Reached on error, E5 (Groundball, 5, EV 85.0 MPH)
Matt Barkley to third
Rodrik Gardner to second
Batting: RHB Juan Araiza 0-0: Swinging Strike
0-1: Swinging Strike
0-2: Ball
1-2: Foul Ball, location: 2F
1-2: Ball
2-2: Ball
3-2: Foul Ball, location: 2F
3-2: Strikes out looking
Batting: RHB Hughie Withers 0-0: Ball
1-0: Ball
2-0: Foul Ball, location: 2F
2-1: Grounds into fielders choice 6-2 (Groundball, 6, EV 103.1 MPH)
Rodrik Gardner to third
Tony Vasquez to second
Batting: LHB Danny Schultz 0-0: Foul Ball, location: 2F
0-1: Foul Ball, location: 2F
0-2: Foul Ball, location: 2F
0-2: Foul Ball, location: 2F
0-2: Strikes out swinging
Bottom of the 8th over - 0 runs, 0 hits, 2 errors, 3 left on base; University of Minnesota 0 - University of Alabama 2
TOP OF THE 9TH
University of Minnesota Golden Gophers batting - Pitching for University of Alabama Crimson Tide : RHP Ryan Kath
Pitching: RHP Marco Soto
Now in LF: Danny Schultz
Now in CF: Joe Blackwood
Now in RF: John Hicken
Pinch Hitting: RHB Scott Rose 0-0: Called Strike
0-1: Foul Ball, location: 2F
0-2: Ball
1-2: Foul Ball, location: 2F
1-2: Ground out 4-3 (Groundball, 4, EV 101.2 MPH)
Pinch Hitting: LHB Bobby Agterberg 0-0: Ground out 5-3 (Groundball, 56, EV 81.9 MPH)
Pinch Hitting: LHB Gabe Cothron 0-0: Ball
1-0: Swinging Strike
1-1: Fly out, F7 (Flyball, 7S, EV 89.4 MPH)
Top of the 9th over - 0 runs, 0 hits, 0 errors, 0 left on base; University of Minnesota 0 - University of Alabama 2
Tuesday, September 13th , 2022 - OOTP Baseball 23.7 Build 88